[Event "ICCopen2016"]
[Site "Internet Chess Club"]
[Date "2016.06.04"]
[Round "9"]
[White "Bom182"]
[Black "ChessGeek"]
[Result "1-0"]
[ICCResult "Black forfeits on time"]
[WhiteElo "1961"]
[BlackElo "1754"]
[Opening "King's Indian: 6.Be2"]
[ECO "E91"]
[NIC "KI.19"]
[Time "15:32:38"]
[TimeControl "180+0"]

1. d4 Nf6 2. Nf3 g6 3. c4 Bg7 4. Nc3 O-O 5. e4 d6 6. Be2 Re8 7. O-O e5 8.
Be3 exd4 9. Bxd4 Nc6 10. Bxf6 Bxf6 11. Bd3 Be6 12. Rc1 Bg4 13. b3 Nd4 14.
Be2 Bxf3 15. Bxf3 c6 16. g3 Qa5 17. Bg2 Rad8 18. Ne2 Nxe2+ 19. Qxe2 Re7 20.
Rfd1 Qc5 21. Qd3 Red7 22. Qd2 Bg5 23. Qc2 Bxc1 24. Rxc1 d5 25. exd5 cxd5 26.
Bxd5 b6 27. Qd2 Rxd5 28. cxd5 Qxd5 29. Qxd5 Rxd5 30. Rc7 Ra5 31. a4 Kg7 32.
Kf1 Kf6 33. Ke2 Ke6 34. Kd3 h5 35. h4 Rd5+ 36. Kc3 Ra5 37. Rb7 a6 38. Kb4
Re5 39. Rxb6+ Ke7 40. Rxa6 Re4+ 41. Ka5 Re5+ 42. Kb6 Re2 43. b4 Rb2 44. b5
{Black forfeits on time}
1-0

[Event "ICCopen2016"]
[Site "Internet Chess Club"]
[Date "2016.06.04"]
[Round "9"]
[White "Lucas"]
[Black "Astigmatist"]
[Result "1/2-1/2"]
[ICCResult "White stalemated"]
[WhiteElo "2316"]
[BlackElo "2026"]
[Opening "QGD: Albin counter-gambit, 5.g3"]
[ECO "D09"]
[NIC "QG.02"]
[Time "15:33:19"]
[TimeControl "180+0"]

1. d4 d5 2. c4 e5 3. dxe5 d4 4. Nf3 Nc6 5. g3 Be6 6. Nbd2 Qd7 7. Bg2 Bh3 8.
O-O Bxg2 9. Kxg2 h5 10. h4 O-O-O 11. Ne4 Nge7 12. Neg5 Ng6 13. Qa4 Kb8 14.
Rd1 Ngxe5 15. Nxe5 Nxe5 16. Qxd7 Rxd7 17. Bf4 Ng6 18. e3 Nxf4+ 19. gxf4 Bc5
20. Ne4 Be7 21. Rxd4 Rxd4 22. exd4 Bxh4 23. Kf3 Be7 24. d5 f5 25. Ng5 Bf6
26. Rb1 Kc8 27. Ne6 h4 28. b3 h3 29. Rh1 Kd7 30. Kg3 b6 31. Rxh3 Rxh3+ 32.
Kxh3 c6 33. Nf8+ Kd6 34. dxc6 Kxc6 35. Ng6 Kc5 36. Nh4 Kb4 37. Nxf5 Ka3 38.
Kg4 Kxa2 39. b4 Kb3 40. c5 bxc5 41. bxc5 Bd8 42. c6 a5 43. Nd6 a4 44. Nb5
Kb4 45. Nd4 Kc4 46. Nc2 Kb3 47. Nd4+ Kc4 48. Ne6 Bb6 49. Nxg7 a3 50. f5 a2
51. Ne6 a1=Q 52. f4 Qf6 53. c7 Bxc7 54. Nxc7 Qg7+ 55. Kh5 Qxc7 56. Kg6 Kd5
57. f6 Qxf4 58. f7 Qg4+ 59. Kh7 Qf5+ 60. Kh8 Qh5+ 61. Kg8 Qg6+ 62. Kh8 Qxf7
{White stalemated}
1/2-1/2

[Event "ICCopen2016"]
[Site "Internet Chess Club"]
[Date "2016.06.04"]
[Round "9"]
[White "flinkfinger"]
[Black "mdrasko"]
[Result "1-0"]
[ICCResult "Black forfeits on time"]
[WhiteElo "2201"]
[BlackElo "2428"]
[Opening "English: Romanishin gambit"]
[ECO "A05"]
[NIC "QP.11"]
[Time "15:32:35"]
[TimeControl "180+0"]

1. Nf3 Nf6 2. c4 e6 3. g3 a6 4. Bg2 b5 5. b3 c5 6. Bb2 Be7 7. Nc3 Qb6 8. d3
O-O 9. O-O d5 10. e3 Bb7 11. Rb1 Nc6 12. d4 cxd4 13. Nxd4 Nxd4 14. exd4 dxc4
15. Bxb7 Qxb7 16. bxc4 bxc4 17. d5 Nxd5 18. Nxd5 Qxd5 19. Qg4 Qg5 20. Qxc4
Rfc8 21. Qa4 Qb5 22. Qg4 Qg5 23. Qa4 a5 24. h4 Qf5 25. Rbc1 h5 26. Rc4 Rxc4
27. Qxc4 a4 28. Rd1 Bf6 29. Qc6 Rb8 30. Bxf6 Qxf6 31. Qxa4 Rb2 32. Qd4 Qxd4
33. Rxd4 Rxa2 34. Kg2 g6 35. Rb4 Kg7 36. Rb5 f5 37. Rb6 Kf6 38. Rc6 Rd2 39.
Rb6 Rd4 40. Rc6 Re4 41. Kf3 Rg4 42. Rc8 Ke5 43. Rc5+ Kd6 44. Rc8 f4 45. Ra8
fxg3 46. fxg3 Ke5 47. Ra5+ Kf6 48. Ra6 Rb4 49. Rc6 Kf5 50. Rc5+ e5 51. Rc6
Rb3+ 52. Kf2 g5 53. hxg5 Kg4 54. Re6 Kf5 55. Re8 Rb2+ 56. Kf3 Rb3+ 57. Kf2
Rb5 58. Kf3 Kxg5 59. Ke4 Rb3 60. Rg8+ Kf6 61. Rf8+ Ke6 62. Re8+ Kf6 63. Rf8+
Kg7 64. Rf5 Rxg3 65. Rxh5 Kf6 66. Rf5+ Kg6 67. Rxe5 Rg5 68. Re6+ Kh5 69. Ra6
Kg4 70. Ke3 {Black forfeits on time} 1-0

[Event "ICCopen2016"]
[Site "Internet Chess Club"]
[Date "2016.06.04"]
[Round "9"]
[White "Chess64"]
[Black "ROWLAND"]
[Result "1-0"]
[ICCResult "Black forfeits on time"]
[WhiteElo "1754"]
[BlackElo "1568"]
[Opening "Queen's bishop game"]
[ECO "D02"]
[NIC "QP.06"]
[Time "15:32:46"]
[TimeControl "180+0"]

1. d4 Nf6 2. Nf3 d5 3. Bf4 g6 4. e3 Bg7 5. c3 O-O 6. h3 c5 7. Bd3 Nc6 8. O-O
cxd4 9. exd4 Bd7 10. Re1 e6 11. Nbd2 Qb6 12. Qb3 Qxb3 13. axb3 Rfe8 14. b4
a6 15. b5 axb5 16. Bxb5 Ne5 17. Bxd7 Nexd7 18. Ne5 Nxe5 19. Bxe5 Nd7 20.
Bxg7 Kxg7 21. Nf3 Nb6 22. Kf1 Rxa1 23. Rxa1 Ra8 24. Rxa8 Nxa8 25. Ke2 Nb6
26. b3 Kf8 27. Kd3 f6 28. g4 g5 29. h4 h6 30. c4 Ke7 31. c5 Nd7 32. b4 Nb8
33. b5 Kd7 34. hxg5 hxg5 35. Ne1 Kc7 36. Ng2 b6 37. f4 bxc5 38. dxc5 Nd7 39.
Kd4 Nf8 40. f5 exf5 41. gxf5 Nd7 42. Kxd5 Ne5 43. Ke6 Nd3 44. Kd5 Ne5 45.
Ne3 g4 46. Ng2 g3 47. Nf4 Ng4 48. Ke6 Ne3 49. Kxf6 g2 50. Ne2 Nd5+ 51. Kg7
Nc3 52. b6+ Kd7 53. Ng1 Nd5 54. f6 Nxf6 55. Kxf6 Kc6 56. Kf5 Kxc5 57. b7 Kc6
58. b8=Q Kd5 59. Qe5+ Kc4 60. Qd6 Kc3 61. Qd5 Kc2 62. Qd4 Kb3 63. Qc5 Kb2
64. Qc4 Ka3 65. Qb5 Ka2 66. Qb4 Ka1 67. Ke4 Ka2 68. Kf3 Ka1 69. Ke2 Ka2 70.
Kd2 Ka1 71. Kc2 Ka2 72. Ne2 {Black forfeits on time} 1-0

[Event "ICCopen2016"]
[Site "Internet Chess Club"]
[Date "2016.06.04"]
[Round "9"]
[White "WoodTree"]
[Black "waynerooney"]
[Result "1-0"]
[ICCResult "Black checkmated"]
[WhiteElo "2363"]
[BlackElo "1970"]
[Opening "Grünfeld: 5.Bg5"]
[ECO "D91"]
[NIC "GI.08"]
[Time "15:32:54"]
[TimeControl "180+0"]

1. d4 Nf6 2. Nf3 g6 3. c4 Bg7 4. Nc3 d5 5. Bg5 c6 6. Qc1 Bf5 7. Bh6 O-O 8.
h4 Nbd7 9. h5 Re8 10. Bxg7 Kxg7 11. hxg6 fxg6 12. Qh6+ Kg8 13. cxd5 Nf8 14.
Ne5 Nxd5 15. e4 Nxc3 16. bxc3 Bxe4 17. Bc4+ Bd5 18. Bd3 Qd6 19. Bxg6 Kh8 20.
Bxe8 Rxe8 21. Kd2 c5 22. Qxd6 exd6 23. Nd3 cxd4 24. cxd4 Ng6 25. f3 Rg8 26.
Rae1 Rc8 27. Rh6 b5 28. Reh1 Bg8 29. Rxg6 a5 30. Nf4 b4 31. Rxd6 Kg7 32.
Rd7+ Kf6 33. g4 Kg5 34. Ng2 Kg6 35. Rh5 Bxa2 36. Nf4+ Kf6 37. Rd6+ Ke7 38.
Rb6 Ke8 39. Rxh7 Rc2+ 40. Kxc2 Bb1+ 41. Kxb1 a4 42. Rb8# {Black checkmated}
1-0

[Event "ICCopen2016"]
[Site "Internet Chess Club"]
[Date "2016.06.04"]
[Round "9"]
[White "totus"]
[Black "VerdeNotte"]
[Result "0-1"]
[ICCResult "White forfeits on time"]
[WhiteElo "2375"]
[BlackElo "2796"]
[Opening "Benko's opening"]
[ECO "A00"]
[NIC "VO.09"]
[Time "15:32:42"]
[TimeControl "180+0"]

1. g3 c5 2. Bg2 Nc6 3. e4 g6 4. d3 Bg7 5. f4 b5 6. Nf3 Bb7 7. O-O e6 8. h3
Nge7 9. g4 h5 10. g5 d5 11. c3 c4 12. exd5 Nxd5 13. d4 Nce7 14. Na3 Qb6 15.
Nc2 Nf5 16. Qe1 h4 17. Ne5 Nde7 18. Qf2 Ng3 19. Re1 Rd8 20. a4 a6 21. axb5
axb5 22. Ng4 O-O 23. Nce3 Nef5 24. Nxf5 gxf5 25. Ne5 Ra8 26. Be3 Bxg2 27.
Qxg2 Rxa1 28. Rxa1 Bxe5 29. fxe5 Kg7 30. Bf2 Rh8 31. Bxg3 hxg3 32. Qxg3 b4
33. Rf1 bxc3 34. bxc3 Qb7 35. Qf3 Qxf3 36. Rxf3 Kg6 37. Rg3 f4 38. Rf3 Kxg5
39. Kh2 Kf5 40. Rf1 Ke4 41. Kg2 Ke3 42. Rf3+ Ke4 43. Rf1 Rg8+ 44. Kf2 Kd3
45. Kf3 Kxc3 46. Ke4 Rd8 47. Rf3+ Kb2 48. Rxf4 c3 49. Rxf7 c2 50. Rb7+ Kc3
51. Rc7+ Kd2 52. Kf4 Rxd4+ 53. Kg5 Rd3 54. Rxc2+ Kxc2 55. Kf6 Rxh3 56. Kxe6
Kc3 57. Kd6 Rd3+ 58. Kc6 Kd4 59. e6 Ke5 60. e7 Rd6+ 61. Kc7 Re6 62. Kd7 Rd6+
63. Kc7 Re6 {White forfeits on time} 0-1

[Event "ICCopen2016"]
[Site "Internet Chess Club"]
[Date "2016.06.04"]
[Round "9"]
[White "TasteOflover"]
[Black "supermouse"]
[Result "1-0"]
[ICCResult "Black resigns"]
[WhiteElo "2889"]
[BlackElo "2674"]
[Opening "English opening"]
[ECO "A10"]
[NIC "EO.64"]
[Time "15:32:56"]
[TimeControl "180+0"]

1. c4 d6 2. g3 g6 3. Bg2 Bg7 4. Nc3 Nf6 5. e4 O-O 6. Nge2 c5 7. O-O Nc6 8.
d3 a6 9. h3 Rb8 10. Be3 b5 11. b3 bxc4 12. dxc4 e5 13. f4 Nd4 14. Qd2 Ne8
15. Rad1 Nc7 16. Kh2 f5 17. exf5 Bxf5 18. fxe5 dxe5 19. Ne4 Nce6 20. N2c3 h5
21. Ng5 Nxg5 22. Bxg5 Qd7 23. Ne4 Rbc8 24. Qe3 Rf7 25. Bh4 Rff8 26. Bg5 Rf7
27. Bh6 Bh8 28. Ng5 Rf6 29. Bd5+ Be6 30. Nxe6 Rxe6 31. Qf2 Kh7 32. Bxe6 Qxe6
33. Be3 Bg7 34. Qf7 Qc6 35. Qd5 Qxd5 36. cxd5 Rd8 37. Rf7 Rxd5 38. Kg2 g5
39. Bxg5 Kg6 40. Ra7 e4 41. Be3 Rd6 42. Bf4 Re6 43. Be3 Nf5 44. Re1 Bc3 45.
Re2 Nxe3+ 46. Rxe3 Bd4 47. Re2 e3 48. Rd7 Rf6 49. Rd5 Re6 50. b4 Rf6 51.
bxc5 Bc3 52. Rd6 Bb4 53. Rxe3 Rxd6 54. cxd6 Bxd6 55. Re6+ {Black resigns}
1-0

[Event "ICCopen2016"]
[Site "Internet Chess Club"]
[Date "2016.06.04"]
[Round "9"]
[White "PawnTerminator"]
[Black "kofigan"]
[Result "1-0"]
[ICCResult "Black resigns"]
[WhiteElo "1612"]
[BlackElo "1155"]
[Opening "Polish (Sokolsky) opening"]
[ECO "A00"]
[NIC "VO.10"]
[Time "15:34:09"]
[TimeControl "180+0"]

1. b4 Nf6 2. Bb2 e6 3. b5 d5 4. Nf3 Bd6 5. e3 O-O 6. Be2 Re8 7. O-O b6 8. a4
Bb7 9. d3 e5 10. Nbd2 Nbd7 11. c4 Nc5 12. d4 exd4 13. Bxd4 Nce4 14. Nxe4
Nxe4 15. Nd2 Bc5 16. Nxe4 Bxd4 17. Qxd4 dxe4 18. Qxd8 Raxd8 19. Rfd1 f5 20.
Rd4 Rxd4 21. exd4 Rd8 22. Rd1 Kf7 23. c5 bxc5 24. dxc5 Rxd1+ 25. Bxd1 Ke7
26. c6 Bc8 27. Kf1 Be6 28. Ke2 Bd5 29. Kd2 Kf6 30. Kc3 Ke5 31. Be2 g5 32. g3
f4 33. Bg4 e3 34. fxe3 fxe3 35. Kd3 Bb3 36. a5 Ba4 37. b6 axb6 38. axb6 Bxc6
39. bxc7 Bb7 40. c8=Q Bxc8 41. Bxc8 {Black resigns} 1-0

[Event "ICCopen2016"]
[Site "Internet Chess Club"]
[Date "2016.06.04"]
[Round "9"]
[White "Darnoc"]
[Black "Platyborg"]
[Result "0-1"]
[ICCResult "White resigns"]
[WhiteElo "2899"]
[BlackElo "2940"]
[Opening "Benoni: 6.e4"]
[ECO "A65"]
[NIC "BI.38"]
[Time "15:34:09"]
[TimeControl "180+0"]

1. d4 Nf6 2. c4 c5 3. d5 e6 4. Nc3 exd5 5. cxd5 d6 6. e4 g6 7. h3 Bg7 8. Nf3
O-O 9. Bd3 b5 10. Bxb5 Nxe4 11. Nxe4 Qa5+ 12. Nfd2 Qxb5 13. Nxd6 Qa6 14.
N2c4 Nd7 15. O-O Ne5 16. Nxc8 Raxc8 17. Nxe5 Bxe5 18. Re1 Bd4 19. Qf3 Rfd8
20. Bg5 Re8 21. Be7 Bxb2 22. Rab1 Bd4 23. d6 Qa4 24. Rb7 Rcd8 25. Kh2 Rd7
26. Bf6 Rxb7 27. Bxd4 Rxe1 28. Bc3 Re4 29. Qf6 Rd4 30. Qe5 Qd7 31. Qxc5
Qxd6+ 32. Qxd6 Rxd6 {White resigns} 0-1

[Event "ICCopen2016"]
[Site "Internet Chess Club"]
[Date "2016.06.04"]
[Round "9"]
[White "milinanana"]
[Black "Baltimora"]
[Result "0-1"]
[ICCResult "White resigns"]
[WhiteElo "1825"]
[BlackElo "2266"]
[Opening "Semi-Benoni (`blockade variation')"]
[ECO "A44"]
[NIC "OI.09"]
[Time "15:33:02"]
[TimeControl "180+0"]

1. d4 c5 2. d5 e5 3. e4 d6 4. Nc3 Nd7 5. Nf3 a6 6. a4 g6 7. Be2 Bg7 8. Nd2
Ne7 9. Nc4 Nb6 10. Ne3 Bd7 11. h4 O-O 12. h5 f5 13. hxg6 hxg6 14. a5 Nbc8
15. f3 Bb5 16. Bxb5 axb5 17. exf5 gxf5 18. Nxb5 Rxa5 19. Rxa5 Qxa5+ 20. Nc3
b5 21. Bd2 Qa6 22. Qe2 Qa1+ 23. Ncd1 c4 24. Qf2 Nb6 25. Qh4 Rf6 26. Qh7+ Kf8
27. Rh5 Qb1 28. Nxf5 Nxf5 29. Rxf5 Nxd5 30. Rxf6+ Nxf6 31. Qf5 e4 32. Bc3
Kf7 33. fxe4 Qxc2 34. Nf2 Qc1+ 35. Ke2 Qc2+ 36. Kf1 Qc1+ 37. Ke2 Qc2+ 38.
Ke1 Qc1+ 39. Ke2 Qc2+ 40. Ke1 b4 41. Bxf6 Bxf6 42. Qd7+ Kg6 43. Qf5+ Kg7 44.
Qd7+ Kg6 45. Qf5+ Kg7 46. Qd7+ Kh6 47. Qh3+ Kg7 48. Qd7+ Kf8 49. Qc8+ Ke7
50. Qc7+ Kf8 51. Qd8+ Bxd8 {White resigns} 0-1

[Event "ICCopen2016"]
[Site "Internet Chess Club"]
[Date "2016.06.04"]
[Round "9"]
[White "kfactor"]
[Black "thenowtime"]
[Result "0-1"]
[ICCResult "White forfeits on time"]
[WhiteElo "1381"]
[BlackElo "1907"]
[Opening "Sicilian defense"]
[ECO "B20"]
[NIC "SI.48"]
[Time "15:32:46"]
[TimeControl "180+0"]

1. e4 c5 2. f3 Nc6 3. d3 d5 4. g3 dxe4 5. fxe4 Nf6 6. h4 Bg4 7. Be2 h5 8.
Bxg4 Nxg4 9. Nh3 Nd4 10. c3 Nc6 11. Qe2 g6 12. Nf2 Nf6 13. Bg5 Bg7 14. Nd2
O-O 15. g4 Qd6 16. Bxf6 Qxf6 17. gxh5 Ne5 18. O-O-O b5 19. hxg6 fxg6 20.
Rhf1 Qe6 21. Kb1 a5 22. h5 gxh5 23. Qxh5 c4 24. d4 Nd3 25. d5 Qe5 26. Qxe5
Nxe5 27. Nh3 Ng4 28. Rh1 Ne3 29. Rdg1 b4 30. Ng5 bxc3 31. Ne6 Rf7 32. d6
exd6 33. e5 dxe5 34. Ne4 Rb8 35. b3 c2+ 36. Kc1 cxb3 37. axb3 Nd5 38. N4g5
Rfb7 39. Rh7 Nf4 40. Nc5 Rc7 41. Nge6 Nxe6 42. Nxe6 Kxh7 43. Rh1+ Kg8 44.
Nxc7 Rxb3 45. Rg1 Kf7 46. Kxc2 Rf3 47. Nd5 e4 48. Kc1 e3 49. Re1 Bh6 50. Kc2
Rf2+ 51. Kd3 e2 52. Ne3 Bxe3 53. Kxe3 Rf5 54. Rh1 Re5+ 55. Kf2 Ke6
{White forfeits on time}
0-1

[Event "ICCopen2016"]
[Site "Internet Chess Club"]
[Date "2016.06.04"]
[Round "9"]
[White "marjose"]
[Black "santiagoelawad"]
[Result "0-1"]
[ICCResult "White forfeits on time"]
[WhiteElo "1757"]
[BlackElo "1973"]
[Opening "Caro-Kann defense"]
[ECO "B10"]
[NIC "CK.01"]
[Time "15:32:46"]
[TimeControl "180+0"]

1. e4 c6 2. Nf3 d5 3. exd5 cxd5 4. d4 Nc6 5. c3 Bg4 6. Be2 e6 7. Bf4 Bd6 8.
Qd2 Nf6 9. O-O Ne4 10. Qe3 O-O 11. Nbd2 f5 12. Ne5 Bxe2 13. Qxe2 Bxe5 14.
Bxe5 Nxe5 15. dxe5 Rc8 16. f3 Qb6+ 17. Kh1 Nxd2 18. Qxd2 Qa6 19. f4 Rc4 20.
b3 Rc6 21. Rf3 Rfc8 22. h3 b5 23. g4 fxg4 24. hxg4 Qb6 25. Raf1 Qc7 26. Qd4
Rxc3 27. f5 Rxf3 28. Rxf3 Qc1+ 29. Kg2 Rc2+ 30. Kg3 Qe1+ 31. Kf4 Rd2 32. Qc5
Qe4+ 33. Kg3 Qxe5+ 34. Rf4 Rd3+ 35. Kh4 h6 36. Qc8+ Kh7 {White forfeits on
time} 0-1

[Event "ICCopen2016"]
[Site "Internet Chess Club"]
[Date "2016.06.04"]
[Round "9"]
[White "DrOussedik"]
[Black "YKQ"]
[Result "0-1"]
[ICCResult "White resigns"]
[WhiteElo "2187"]
[BlackElo "2564"]
[Opening "Queen's pawn game"]
[ECO "E10"]
[NIC "QI.01"]
[Time "15:34:00"]
[TimeControl "180+0"]

1. d4 Nf6 2. c4 e6 3. Nf3 d5 4. e3 Be7 5. Nc3 O-O 6. Qc2 b6 7. b3 Bb7 8. Bb2
c5 9. cxd5 exd5 10. Bd3 Nc6 11. dxc5 bxc5 12. O-O Nb4 13. Qe2 Nxd3 14. Qxd3
Qb6 15. Rfd1 Rfd8 16. Rac1 Rac8 17. Na4 Qe6 18. Ng5 Qg4 19. Bxf6 Bxf6 20.
Qxh7+ Kf8 21. Nf3 d4 22. h3 Qe4 23. Qxe4 Bxe4 24. Nxc5 Bxf3 25. gxf3 dxe3
26. Nd7+ Ke7 27. Nxf6 e2 28. Ng8+ Ke6 {White resigns} 0-1

[Event "ICCopen2016"]
[Site "Internet Chess Club"]
[Date "2016.06.04"]
[Round "9"]
[White "Johndenver"]
[Black "Westbank"]
[Result "0-1"]
[ICCResult "White forfeits on time"]
[WhiteElo "1800"]
[BlackElo "2150"]
[Opening "Queen's gambit accepted"]
[ECO "D20"]
[NIC "QG.03"]
[Time "15:32:47"]
[TimeControl "180+0"]

1. d4 d5 2. c4 dxc4 3. e3 e5 4. Bxc4 exd4 5. exd4 Nc6 6. Nf3 Bb4+ 7. Nc3 Nf6
8. O-O O-O 9. Bg5 h6 10. Bh4 Be7 11. h3 Nb4 12. Re1 c6 13. Ne5 Bf5 14. Qb3
Bc2 15. Bxf7+ Kh7 16. Qe6 Qd6 17. Qxd6 Bxd6 18. Bc4 Nbd5 19. Rac1 Bf5 20.
Bxd5 Nxd5 21. Nxd5 cxd5 22. Bg3 Rac8 23. Ng6 Bxg6 24. Bxd6 Rfe8 25. Be5 Be4
26. f4 h5 27. g4 Kg6 28. Kf2 hxg4 29. hxg4 Rh8 30. Kg3 Kf7 31. f5 Rhe8 32.
Kf4 b5 33. g5 g6 34. f6 Ke6 35. Rc5 Rxc5 36. dxc5 Rc8 37. b4 Rh8 38. Rc1
Rh4+ 39. Ke3 d4+ 40. Kf2 Bc6 41. Kg3 Re4 42. Rf1 Kf7 43. Rf2 Rxe5 44. Rh2
Rxg5+ 45. Kf4 Kxf6 46. Rd2 Rf5+ 47. Kg4 Rd5 48. Kf4 d3 49. Ke3 Re5+ 50. Kf4
Rf5+ 51. Ke3 Rd5 52. Kf4 g5+ 53. Ke3 Ke5 54. Rg2 d2 55. Rxg5+ Ke6 56. Rxd5
Bxd5 57. Kxd2 Bxa2 58. Kc3 Kd5 59. Kd3 Kc6 60. Kc3 Bc4 61. Kb2 a5 62. Kc3 a4
63. Kd4 a3 64. Kc3 a2 65. Kb2 Kd5 66. Ka1 Kd4 67. c6 Be6 68. c7 Bc8 69. Kxa2
Kc4 70. Kb2 Kxb4 71. Kc1 Kc5 72. Kb2 Kc6 73. Kb3 Ba6 74. Kb4 Kxc7 75. Ka5
Kc6 76. Kb4 Kb6 77. Kc3 Bb7 78. Kb3 Bc6 79. Kb4 Bd5 80. Kc3 Kc5 81. Kb2 b4
82. Kc2 Kb5 83. Kb2 Bc4 84. Kc2 Kc5 85. Kb2 Kd4 86. Kc2 Bb3+ 87. Kb2 Bc4
{White forfeits on time}
0-1

[Event "ICCopen2016"]
[Site "Internet Chess Club"]
[Date "2016.06.04"]
[Round "9"]
[White "SuperGMBobbyF"]
[Black "Smokie"]
[Result "1-0"]
[ICCResult "Black forfeits on time"]
[WhiteElo "1246"]
[BlackElo "1377"]
[Opening "Sicilian: closed"]
[ECO "B34"]
[NIC "SI.44"]
[Time "15:32:51"]
[TimeControl "180+0"]

1. e4 c5 2. Nc3 g6 3. Nf3 Bg7 4. d4 cxd4 5. Nxd4 Nc6 6. Nxc6 bxc6 7. Bc4 d6
8. O-O Qb6 9. Qf3 e6 10. Ne2 Ne7 11. Nf4 O-O 12. Nh3 d5 13. exd5 exd5 14.
Bd3 Bxh3 15. Qxh3 Rad8 16. c3 a5 17. Rb1 Bxc3 18. Bh6 Bg7 19. Bxg7 Kxg7 20.
Rfe1 Rfe8 21. Re3 Nf5 22. Bxf5 Rxe3 23. fxe3 gxf5 24. Rf1 Re8 25. Qxf5 Qxe3+
26. Kh1 Qe6 27. Qg5+ Qg6 28. Qd2 Rd8 29. Qxa5 d4 30. Rd1 d3 31. Qxd8 Qg4 32.
Qxd3 h5 33. Qd4+ Kg8 34. Qxg4+ hxg4 35. Rd8+ Kg7 36. Rc8 f5 37. Rxc6 Kf7 38.
a4 Ke7 39. Rh6 Kf7 40. a5 Kg7 41. Rb6 Kf7 42. a6 Ke7 43. a7 Kd7 44. a8=Q f4
45. Qb7+ {Black forfeits on time} 1-0

[Event "ICCopen2016"]
[Site "Internet Chess Club"]
[Date "2016.06.04"]
[Round "9"]
[White "InigoMI"]
[Black "doug50"]
[Result "1-0"]
[ICCResult "Black checkmated"]
[WhiteElo "1533"]
[BlackElo "1269"]
[Opening "English opening"]
[ECO "A10"]
[NIC "EO.64"]
[Time "15:34:15"]
[TimeControl "180+0"]

1. c4 d5 2. b3 dxc4 3. bxc4 Nf6 4. Nc3 e6 5. g3 c6 6. Bg2 Nbd7 7. Bb2 Be7 8.
Nf3 O-O 9. O-O b6 10. e4 Rb8 11. e5 Ne8 12. Re1 Bb7 13. d4 g6 14. h4 h5 15.
Ne4 Ng7 16. a4 Nf5 17. Qd2 c5 18. d5 exd5 19. cxd5 Qc8 20. Rad1 Ba6 21. Qc3
c4 22. e6 Bf6 23. Nxf6+ Nxf6 24. Qxf6 c3 25. Bxc3 Qxc3 26. Qxc3 Rfc8 27. Qf6
Re8 28. exf7+ Kh7 29. Ng5+ Kh6 30. fxe8=Q Rxe8 31. Rxe8 Ng7 32. Rh8#
{Black checkmated}
1-0

[Event "ICCopen2016"]
[Site "Internet Chess Club"]
[Date "2016.06.04"]
[Round "9"]
[White "Yedixon"]
[Black "EeEk"]
[Result "0-1"]
[ICCResult "White forfeits on time"]
[WhiteElo "1303"]
[BlackElo "1867"]
[Opening "Bird's opening"]
[ECO "A03"]
[NIC "VO.07"]
[Time "15:33:12"]
[TimeControl "180+0"]

1. f4 d5 2. Nf3 c5 3. e3 Nc6 4. Bb5 Bd7 5. Bxc6 Bxc6 6. d3 g6 7. O-O Bg7 8.
Nc3 Nf6 9. Qe1 d4 10. Nd1 dxe3 11. Bxe3 b6 12. Ne5 Bb7 13. Nf2 O-O 14. h3
Qd5 15. Nf3 Nh5 16. Ng4 Bxb2 17. Rb1 Bg7 18. Qh4 Nf6 19. Nxf6+ Bxf6 20. Qg3
Rfe8 21. f5 Bg7 22. fxg6 hxg6 23. Ng5 f5 24. Nf3 Qc6 25. Nh4 Kh7 26. Rxf5
gxf5 27. Nxf5 Qg6 28. Qh4+ Kg8 29. Qc4+ e6 {White forfeits on time} 0-1

[Event "ICCopen2016"]
[Site "Internet Chess Club"]
[Date "2016.06.04"]
[Round "9"]
[White "El-Kaiser"]
[Black "arnav311004"]
[Result "0-1"]
[ICCResult "White checkmated"]
[WhiteElo "2385"]
[BlackElo "1650"]
[Opening "King's Indian: orthodox variation"]
[ECO "E94"]
[NIC "KI.15"]
[Time "15:32:37"]
[TimeControl "180+0"]

1. d4 Nf6 2. c4 g6 3. Nc3 Bg7 4. e4 d6 5. Nf3 O-O 6. Be2 e5 7. O-O exd4 8.
Nxd4 Re8 9. f3 Nc6 10. Nc2 Be6 11. Bg5 h6 12. Be3 Ne5 13. b3 c6 14. Qd2 Kh7
15. Rad1 Qa5 16. Nd5 Qxd2 17. Nxf6+ Bxf6 18. Rxd2 Be7 19. Rfd1 Red8 20. h3
Nd7 21. Nd4 Nf8 22. Bf4 d5 23. cxd5 cxd5 24. Nb5 dxe4 25. fxe4 Rxd2 26. Rxd2
a6 27. Nc7 Rc8 28. Nd5 Bc5+ 29. Kh2 Nd7 30. a4 Kg7 31. Bc4 Bb6 32. Ne7 Rd8
33. Nd5 Bxd5 34. Bxd5 Nf6 35. Be5 Ba5 36. Rc2 Re8 37. Bb2 Bd8 38. Kh1 Kg8
39. Rd2 Nxe4 40. Rc2 Bg5 41. Kg1 Ng3 42. Kf2 Nh1+ 43. Kf3 Re3+ 44. Kg4 Kh7
45. Bxf7 Rg3# {White checkmated} 0-1

[Event "ICCopen2016"]
[Site "Internet Chess Club"]
[Date "2016.06.04"]
[Round "9"]
[White "Eraser007"]
[Black "Valai"]
[Result "0-1"]
[ICCResult "White resigns"]
[WhiteElo "2203"]
[BlackElo "2561"]
[Opening "Sicilian: Nimzovich-Rossolimo attack (without ...d6)"]
[ECO "B30"]
[NIC "SI.31"]
[Time "15:33:53"]
[TimeControl "180+0"]

1. e4 c5 2. Nf3 Nc6 3. Bb5 Nf6 4. Nc3 Nd4 5. Bc4 d6 6. h3 g6 7. d3 Bg7 8.
Nxd4 cxd4 9. Ne2 Nd7 10. f4 O-O 11. O-O Nb6 12. Bb3 a5 13. a4 Nd7 14. c3
dxc3 15. bxc3 Nc5 16. Bc2 Be6 17. d4 Na6 18. d5 Bd7 19. Nd4 Rc8 20. Rf3 Qb6
21. Rb1 Qa7 22. Kh2 Rc4 23. Nb5 Bxb5 24. axb5 Nc5 25. Qe2 Rxc3 26. Rxc3 Bxc3
27. b6 Qa6 28. Qe3 Bb4 29. Bb2 Qxb6 30. e5 Na4 31. Qe4 Nxb2 32. Rxb2 Qf2 33.
exd6 Bxd6 34. Rb1 Bxf4+ 35. Kh1 Qg3 36. Kg1 Rc8 37. Rxb7 Be3+ 38. Kh1 Rxc2
39. Rb8+ Kg7 40. Qxc2 Qe1+ 41. Kh2 Bg1+ {White resigns} 0-1

[Event "ICCopen2016"]
[Site "Internet Chess Club"]
[Date "2016.06.04"]
[Round "9"]
[White "anitak"]
[Black "Koval"]
[Result "0-1"]
[ICCResult "White checkmated"]
[WhiteElo "2081"]
[BlackElo "1910"]
[Opening "English: Sicilian reversed"]
[ECO "A25"]
[NIC "EO.20"]
[Time "15:33:03"]
[TimeControl "180+0"]

1. c4 e5 2. Nc3 Nc6 3. g3 Bc5 4. Bg2 Nf6 5. e3 d6 6. Nge2 a5 7. O-O Bg4 8.
a3 O-O 9. Rb1 Rb8 10. d3 h6 11. Nd5 Nxd5 12. cxd5 Ne7 13. b4 axb4 14. axb4
Bxe2 15. Qxe2 Bb6 16. e4 f5 17. Be3 c6 18. dxc6 bxc6 19. Rfc1 f4 20. gxf4
exf4 21. Bxb6 Rxb6 22. e5 d5 23. f3 Nf5 24. Qd2 Ne3 25. Bh3 Qe8 26. d4 Qe7
27. Kh1 Qh4 28. Bd7 Nc4 29. Qg2 g5 30. b5 cxb5 31. Rxb5 Rxb5 32. Bxb5 Ne3
33. Qa2 Qh5 34. Be2 g4 35. fxg4 Qh3 36. Rg1 f3 37. Bf1 Qh4 38. Qd2 Nxg4 39.
h3 h5 40. Qh6 f2 41. Rg2 Qxh3+ 42. Rh2 Qxf1# {White checkmated} 0-1

[Event "ICCopen2016"]
[Site "Internet Chess Club"]
[Date "2016.06.04"]
[Round "9"]
[White "Art"]
[Black "oskarito"]
[Result "1-0"]
[ICCResult "Black resigns"]
[WhiteElo "2204"]
[BlackElo "2396"]
[Opening "Sicilian: Alapin's variation (2.c3)"]
[ECO "B22"]
[NIC "SI.46"]
[Time "15:33:55"]
[TimeControl "180+0"]

1. e4 c5 2. c3 d6 3. d4 Nf6 4. Bd3 Nc6 5. Nf3 e5 6. O-O exd4 7. cxd4 Bg4 8.
d5 Nd4 9. Qa4+ Bd7 10. Qd1 Bg4 11. Qa4+ Bd7 12. Qd1 Nxf3+ 13. Qxf3 Be7 14.
Nc3 O-O 15. Bf4 Bg4 16. Qg3 Bh5 17. Rfe1 Bg6 18. Rad1 Nh5 19. Qf3 Nxf4 20.
Qxf4 Bf6 21. g3 a6 22. a4 b5 23. axb5 axb5 24. Bxb5 Rb8 25. Rb1 Qa5 26. Bf1
Rxb2 27. Rxb2 Bxc3 28. Rb5 Qa2 29. Re2 Qa1 30. Qxd6 Bd4 31. Rb8 {Black
resigns} 1-0

[Event "ICCopen2016"]
[Site "Internet Chess Club"]
[Date "2016.06.04"]
[Round "9"]
[White "paulohaddad"]
[Black "Entoloma"]
[Result "0-1"]
[ICCResult "White forfeits on time"]
[WhiteElo "1674"]
[BlackElo "1955"]
[Opening "Dutch"]
[ECO "A80"]
[NIC "HD.12"]
[Time "15:32:54"]
[TimeControl "180+0"]

1. d4 f5 2. f4 Nf6 3. c4 d6 4. Nc3 c6 5. Nf3 g6 6. e3 Bg7 7. Bd3 O-O 8. O-O
Nbd7 9. Qb3 Kh8 10. a3 Qc7 11. Qc2 e5 12. dxe5 dxe5 13. fxe5 Nxe5 14. Nxe5
Qxe5 15. Ne2 Ng4 16. Ng3 Nxe3 17. Bxe3 Qxe3+ 18. Kh1 Re8 19. Rad1 Bd7 20.
Be2 Rad8 21. Bf3 Bc8 22. b4 Qxa3 23. Rxd8 Rxd8 24. b5 c5 25. Re1 Bf6 26. Bd5
Kg7 27. Qe2 Qc3 28. Qf2 b6 29. Rd1 Bd4 30. Qf4 Be5 31. Qg5 Bf6 32. Qf4 Qe5
33. Qd2 Re8 34. Qc2 Qe1+ 35. Nf1 Qe2 36. Qxe2 Rxe2 37. Bf3 Re8 38. Bd5 Rd8
39. Kg1 Be6 40. Kf2 Bxd5 41. cxd5 Bd4+ 42. Ne3 Rxd5 43. Kf3 Re5 44. Nc2 Re7
45. Nxd4 cxd4 46. Rxd4 Rd7 {White forfeits on time} 0-1